[Event "African Open (w)"]
[Site "followchess.com"]
[Date "2022.09.27"]
[Round "9"]
[White "Abigail Karyah"]
[Black "Ayemou Akissi Victoire Sinchie"]
[Result "1-0"]
[WhiteElo "1435"]
[BlackElo "1182"]
[ECO "B00"]
[WhiteFed "LBR"]
[BlackFed "CIV"]
[FCGameId "964911164"]
[WhiteFideId "22601147"]
[BlackFideId "20803044"]
[TimeControl "5400+30"]

1. e4 b6 2. d4 Bb7 3. Nc3 e6 4. a3 d6 5. Nf3 Nf6 6. Bd3 Be7 7. O-O O-O 8. b3 Nbd7 9. Bb2 c5 10. Qe2 cxd4 11. Nxd4 e5 12. Nf5 g6 13. Nxe7+ Qxe7 14. Rfd1 Rac8 15. Rac1 Rfd8 16. Bc4 Nc5 17. Nd5 Bxd5 18. Bxd5 Rc7 19. Qe3 Rdc8 20. c4 Kg7 21. f4 exf4 22. Qxf4 Re8 23. Rf1 Nd7 24. Rc2 Ne5 25. Rcf2 Nxd5 26. cxd5 a5 27. Qe3 Rb7 28. Rxf7+ Qxf7 29. Rxf7+ Kxf7 30. Qf4+ Kg8 31. Qf6 Rd7 32. Bd4 b5 33. Bc3 a4 34. bxa4 bxa4 35. h3 Rf8 36. Qe6+ Rff7 37. Bxe5 dxe5 38. Qxe5 Rde7 39. Qd4 Rf4 40. d6 Rexe4 41. Qd5+ Kg7 42. d7 Rd4 43. Qe5+ Kg8 44. Qxf4 Rxd7 45. Qxa4 1-0

[Event "African Open (w)"]
[Site "followchess.com"]
[Date "2022.09.22"]
[Round "5"]
[White "Amadasun, Rosemary"]
[Black "Likando Namakau"]
[Result "0-1"]
[WhiteElo "1807"]
[BlackElo "1527"]
[ECO "B41"]
[WhiteFed "NGR"]
[BlackFed "ZAM"]
[FCGameId "1471086118"]
[WhiteFideId "8500983"]
[BlackFideId "8714029"]
[TimeControl "5400+30"]

1. e4 c5 2. Nf3 e6 3. d4 cxd4 4. Nxd4 Nf6 5. Nc3 Bb4 6. Nb5 a6 7. Nd6+ Kf8 8. e5 Nd5 9. Qf3 Bxd6 10. exd6 Nxc3 11. Qxc3 Nc6 12. Be2 b5 13. Bf3 Bb7 14. O-O f6 15. Be3 Kf7 16. Qd2 Rf8 17. b3 b4 18. Bxc6 Bxc6 19. Qxb4 Kg8 20. c4 f5 21. Qd2 h6 22. b4 Qh4 23. f4 Rf6 24. Rf2 Rg6 25. Bd4 Rg4 26. Be5 Qh3 27. a4 Qb3 28. Qc3 Bxa4 29. Qxb3 Bxb3 30. c5 Bc4 31. Rc2 Bb5 32. Kf2 h5 33. g3 h4 34. Ra3 hxg3+ 35. Rxg3 Rxg3 36. Kxg3 Kf7 37. Kf3 Rh8 38. Ke3 Rh3+ 39. Kd2 Rxh2+ 40. Kc1 Rxc2+ 41. Kxc2 Kg6 42. Kd2 Kh6 43. Ke3 g5 44. fxg5+ Kxg5 45. Kf3 Bc6+ 46. Kg3 Bb7 47. Bf4+ Kf6 48. Bd2 e5 49. Kf2 f4 50. Bc3 Kf5 0-1

[Event "African Open (w)"]
[Site "followchess.com"]
[Date "2022.09.21"]
[Round "4"]
[White "Amadasun, Rosemary"]
[Black "Paulo, Jemima"]
[Result "0-1"]
[WhiteElo "1807"]
[BlackElo "1886"]
[ECO "B70"]
[WhiteFed "NGR"]
[BlackFed "ANG"]
[FCGameId "1929437018"]
[WhiteFideId "8500983"]
[BlackFideId "10110836"]
[TimeControl "5400+30"]

1. e4 c5 2. Nf3 d6 3. d4 cxd4 4. Nxd4 Nf6 5. Nc3 g6 6. Be2 Bg7 7. Be3 O-O 8. Qd2 Nc6 9. h4 h5 10. f3 d5 11. exd5 Nxd5 12. Nxc6 bxc6 13. Nxd5 cxd5 14. c3 Qd6 15. g4 hxg4 16. fxg4 Bxg4 17. 
O-O-O Bxe2 18. Qxe2 Rfc8 19. Qd3 Rab8 20. Rd2 Bxc3 21. bxc3 Qa3+ 22. Kd1 Rxc3 23. Qxc3 Qxc3 24. Ke2 Rb2 25. Rd1 Qc4+ 26. Ke1 Qxh4+ 27. Ke2 Qc4+ 28. Ke1 Rxa2 29. Bd4 f6 30. Bb2 Qb4 0-1